 Dungeon Crawl Stone Soup version 0.26-a0-784-g51bffae0b1 (webtiles) character file.

Game seed: 3702000639059345373

70 Ijustatesigmund the Chopper (level 4, -4/41 HPs)
             Began as a Minotaur Berserker on Nov 10, 2020.
             Was a Believer of Trog.
             Killed by divine providence
             ... invoked by an orc priest
              (15 damage)
             ... on level 3 of the Dungeon.
             The game lasted 00:03:46 (2234 turns).

Ijustatesigmund the Chopper (Minotaur Berserker)    Turns: 2234, Time: 00:03:47

Health: -4/41      AC:  9    Str: 22    XL:     4   Next: 3%
Magic:  3/3        EV:  8    Int:  4    God:    Trog [**....]
Gold:   134        SH:  0    Dex:  6    Spells: 3/3 levels left

rFire    . . .     SeeInvis .   a - +0 hand axe
rCold    . . .     Faith    .   (no shield)
rNeg     . . .     Spirit   .   d - +0 chain mail
rPois    .         Reflect  .   (helmet restricted)
rElec    .         Harm     .   (no cloak)
rCorr    .         Rampage  .   (no gloves)
MR       .....                  (no boots)
Stlth    ..........             (no amulet)
HPRegen  0.13/turn              f - -4 ring of dexterity (curse)
MPRegen  0.08/turn              m - ring of stealth

@: no status effects
A: retaliatory headbutt, horns 2
a: Berserk, Trog's Hand, Renounce Religion


You were on level 3 of the Dungeon.
You worshipped Trog.
Trog was pleased with you.
You visited 1 branch of the dungeon, and saw 3 of its levels.

You collected 134 gold pieces.

Inventory:

Hand Weapons
 a - a +0 hand axe (weapon)
Armour
 d - a +0 chain mail (worn)
Jewellery
 f - a cursed -4 ring of dexterity (left hand)
 m - a ring of stealth (right hand)
Scrolls
 b - a scroll of enchant weapon {unknown}
 j - 3 scrolls of magic mapping
 n - a scroll of teleportation
Potions
 c - a potion of magic
 e - 4 potions of curing
 g - a potion of lignification
 h - a potion of resistance
 i - 3 potions of flight
 l - a potion of attraction
 o - a potion of berserk rage {unknown}


   Skills:
 + Level 4.3 Fighting
 + Level 4.3 Axes
 + Level 3.3 Armour
 + Level 3.0 Dodging


You had 3 spell levels left.
You didn't know any spells.
Your spell library was empty.

Dungeon Overview and Level Annotations

Branches:
Dungeon (3/15)

Altars:


Innate Abilities, Weirdness & Mutations

You reflexively headbutt those who attack you in melee.
You have a pair of horns on your head.


Message History

The orc is moderately wounded.
The orc hits you but does no damage.
You hit the orc.
The orc is heavily wounded.
You hit the orc.
You hit the orc priest but do no damage.
The orc hits you with a +0 flail.
The orc priest invokes the aid of Beogh against you.
Pain shoots through your body!
* * * LOW HITPOINT WARNING * * *
The orc barely misses you.
You hit the orc priest but do no damage.
You closely miss the orc. You hit the orc but do no damage.
The orc barely misses you. You furiously retaliate!
You headbutt the orc!
You kill the orc!
Trog accepts your kill. The orc hits you but does no damage.
The orc priest calls down the wrath of Beogh upon you.
Beogh smites you!
You die...

..............#.......
......................
#................... .
#................... ..
#.....##...........(
...##.....#######.......
..........# .........
.#........# .........
#....o@..# .........
#....)o..# .........
#...oo...# .........
#........# .........
#........# .........
#........# ##......
#........# ######.
#........# #. #.


You could see an orc priest, an orc wizard and 2 orcs.

Vanquished Creatures
  2 adders
  A worm (D:3)
  A dart slug (D:1)
  3 leopard geckos
  An orc (D:3)
  5 bats
  2 goblins (D:2)
  10 hobgoblins
  6 kobolds
  3 quokkas
  4 frilled lizards
  4 rats
42 creatures vanquished.

Notes
Turn   | Place    | Note
-------+----------+-------------------------------------------
     0 | D:1      | Ijustatesigmund the Minotaur Berserker began the quest for
                  | the Orb.
     0 | D:1      | Reached XP level 1. HP: 19/19 MP: 0/0
   161 | D:1      | Reached XP level 2. HP: 25/27 MP: 1/1
  1283 | D:2      | Reached XP level 3. HP: 29/33 MP: 2/2
  1290 | D:2      | Reached ** piety under Trog
  2191 | D:3      | Reached XP level 4. HP: 36/40 MP: 3/3
  2234 | D:3      | Killed from afar by an orc priest

Illustrated notes

Levels and vault maps discovered:
D:1:      saegor_arrival_miasma, layout_loops_ring
D:2:      minmay_wonky_spiral, layout_basic, minmay_nonomino_d4
D:3:      layout_basic

Skill      XL: |  1  2  3 |
---------------+----------+-----
Axes           | 4 |  4.3
Fighting       | 4 |  4.3
Armour         | 3 |  3.3
Dodging        | 3 |  3.0

Action                   |  1- 3 |  4- 6 || total
-------------------------+-------+-------++-------
Melee: Hand axe          |    98 |     3 ||   101
       Headbutt          |    10 |       ||    10
  Use: Scroll            |    12 |       ||    12
 Stab: Sleeping          |     1 |       ||     1
Armor: Animal skin       |     9 |       ||     9
       Chain mail        |     7 |     3 ||    10
Dodge: Dodged            |    60 |     2 ||    62

Table legend: (Time is in decaauts)
 A = Elapsed time spent in this place.
 B = Non-inter-level travel time spent in this place.
 C = Inter-level travel time spent in this place.
 D = Time resting spent in this place.
 E = Time spent auto-exploring this place.
 F = Levels seen in this place.
 G = Mean time per level.
                   A        B        C        D        E       F      G
               +--------+--------+--------+--------+--------+-----+--------+
         Total |   2242 |   2205 |     37 |    120 |   1805 |   3 |  747.3 |
       Dungeon |   2242 |   2205 |     37 |    120 |   1805 |   3 |  747.3 |
               +--------+--------+--------+--------+--------+-----+--------+

Top non-repeatable levels by time:
     D:1: 1091 daAuts
     D:2: 974 daAuts
     D:3: 177 daAuts
